 Dungeon Crawl Stone Soup version 0.21.1-1-g345015f (webtiles) character file.

686 teukkam the Ruffian (level 7, -2/72 HPs)
             Began as a Troll Monk on July 6, 2018.
             Slain by a hornet (3 damage)
             ... on level 6 of the Dungeon on July 24, 2018.
             The game lasted 00:05:42 (1077 turns).

teukkam the Ruffian (Troll Monk)                    Turns: 1077, Time: 00:05:44

Health: -2/72      AC:  6    Str: 22    XL:     7   Next: 35%
Magic:  0/6        EV: 10    Int:  6    God:
Gold:   23         SH:  0    Dex: 12    Spells: 6/6 levels left

rFire    . . .     SeeInvis .     - Unarmed
rCold    + . .     Gourm    +   (no shield)
rNeg     . . .     Faith    .   a - +1 robe
rPois    .         Spirit   +   (helmet restricted)
rElec    .         Reflect  .   (no cloak)
rCorr    .         Harm     .   (gloves unavailable)
MR       .....                  (boots unavailable)
Stlth    ++........             c - amulet of guardian spirit
HPRegen  0.62/turn              d - ring of protection from cold
MPRegen  0.10/turn              j - ring of flight

@: lethally poisoned (-2 -> -4), berserk cooldown, slowed, very slow
A: large, unfitting armour, claws 3, fast metabolism 3, gourmand, regeneration
1, shaggy fur 1, tough skin 2
a: Evoke Flight


You were on level 6 of the Dungeon.
You were very full.

You visited 1 branch of the dungeon, and saw 6 of its levels.

You collected 23 gold pieces.

Inventory:

Hand Weapons
 q - a +1 dagger of freezing
Missiles
 i - 11 poisoned needles
 o - 3 needles of sleeping
 r - 7 tomahawks (quivered)
Armour
 a - a +1 robe (worn)
Jewellery
 c - an amulet of guardian spirit (around neck)
 d - a ring of protection from cold (left claw)
 j - a ring of flight (right claw)
Scrolls
 l - 2 scrolls of identify
 m - 3 scrolls of remove curse
 s - 2 scrolls of magic mapping {unknown}
Comestibles
 b - 5 rations
 p - 3 chunks of flesh


   Skills:
 + Level 5.3 Fighting
 - Level 2.4 Dodging
 - Level 1.0 Stealth
 + Level 6.4 Unarmed Combat


You had 6 spell levels left.
You didn't know any spells.

Dungeon Overview and Level Annotations

Branches:
Dungeon (6/15)
 Temple: D:4-7

Altars:
Nemelex Xobeh

Annotations:
D:6 kalagan's ghost, novice DEFE


Innate Abilities, Weirdness & Mutations

You are too large for most types of armour.
You have claws for hands.
Your metabolism is lightning-fast.
You like to eat raw meat.
Your natural rate of healing is unusually fast.
You are covered in fur. (AC +1)
You have very tough skin. (AC +2)


Message History

It was a scroll of fear.
As you read the scroll labeled WIOB HEDAPH, it crumbles to dust.
The scroll dissolves into smoke.
It was a scroll of fog.
The hornet stings you!
* * * LOW HITPOINT WARNING * * *
You feel as though you will be slow longer.
The hornet seems to regain its courage.
The hornet closely misses you.
The hornet stings you but does no damage.
The hornet stings you!
* * * LOW HITPOINT WARNING * * *
You feel as though you will be slow longer.
As you read the scroll labeled IKHOAXUSACW, it crumbles to dust.
It is a scroll of identify.
m - 3 scrolls of remove curse The hornet stings you!
* * * LOW HITPOINT WARNING * * *
You are lethally poisoned!
You feel as though you will be slow longer.
The hornet stings you.
You die...

######### y.....§§# #.#
#######§# #.# ## #§# #.#
#. #§# #.# #.
######§#######.## #.
##$.@y§..........# #.
...............###..###.
.#.##.####.###..........
#. #.# #.###..##.. # #)#
#.##.#.##.. #)#
#.#.###.... ........#
#.##.#.##.. ##...####
#.##...##.. ##.
##.##.####..


You could see a hornet.

Vanquished Creatures
  An orc warrior (D:6)
  A sky beast (D:6)
  A black bear (D:6)
  A centaur (D:6)
  A bullfrog (D:5)
  A scorpion (D:5)
  A howler monkey (D:5)
  A hound (D:5)
  2 orc wizards (D:5)
  An iguana (D:6)
  A worker ant (D:4)
  2 adders (D:3)
  2 worms (D:3)
  A leopard gecko (D:3)
  6 orcs
  3 giant cockroaches
  A hobgoblin (D:1)
  A quokka (D:5)
  2 bats
  2 frilled lizards (D:3)
  A goblin (D:2)
  A kobold (D:2)
34 creatures vanquished.

Notes
Turn   | Place    | Note
-------+----------+-------------------------------------------
     0 | D:1      | teukkam the Troll Monk began the quest for the Orb.
     0 | D:1      | Reached XP level 1. HP: 22/22 MP: 0/0
   138 | D:3      | Reached XP level 2. HP: 28/29 MP: 1/1
   381 | D:3      | Reached XP level 3. HP: 24/37 MP: 2/2
   437 | D:4      | Reached skill level 4 in Unarmed Combat
   493 | D:5      | Entered Level 5 of the Dungeon
   499 | D:6      | Noticed a centaur
   499 | D:6      | Noticed a sky beast
   527 | D:5      | Found a sparkling altar of Nemelex Xobeh.
   596 | D:6      | Noticed a black bear
   608 | D:6      | Killed a black bear
   608 | D:6      | Reached XP level 4. HP: 28/48 MP: 1/3
   608 | D:6      | Reached XP level 5. HP: 32/54 MP: 1/4
   680 | D:6      | Noticed kalagan's ghost (novice DEFE)
   745 | D:5      | Reached skill level 5 in Unarmed Combat
   747 | D:5      | Reached XP level 6. HP: 43/62 MP: 2/5
   911 | D:6      | Killed a sky beast
   911 | D:6      | Reached skill level 5 in Fighting
   911 | D:6      | Reached skill level 6 in Unarmed Combat
   911 | D:6      | Reached XP level 7. HP: 22/72 MP: 2/6
  1063 | D:6      | Noticed a hornet
  1077 | D:6      | HP: 1/72 [hornet (12)]
  1077 | D:6      | Slain by a hornet

Skill      XL: |  1  2  3  4  5  6 |
---------------+-------------------+-----
Fighting       | 3 4 5 |  5.3
Unarmed Combat | 4 5 6 |  6.4
Dodging        | |  2.4
Stealth        | |  1.0

Action                   |  1- 3 |  4- 6 |  7- 9 || total
-------------------------+-------+-------+-------++-------
Melee: Unarmed           |    55 |    49 |    21 ||   125
       Punch             |     1 |       |     1 ||     2
  Use: Potion            |       |     3 |     1 ||     4
       Scroll            |       |       |     4 ||     4
 Stab: Sleeping          |     1 |       |       ||     1
  Eat: Chunk             |     9 |     4 |     2 ||    15
Armor: Robe              |    18 |    22 |     3 ||    43
Dodge: Dodged            |    24 |    38 |     5 ||    67
